 Dungeon Crawl Stone Soup version 0.30-a0-304-gdc4b735fe1 (webtiles) character file.

Game seed: 8092900522636076620

3166 NinjaNoafa the Slicer (level 9, 0/72 HPs)
             Began as a Merfolk Gladiator on Oct 20, 2022.
             Was a Follower of Uskayaw.
             Slain by a yak (10 damage)
             ... on level 8 of the Dungeon.
             The game lasted 00:21:45 (8968 turns).

NinjaNoafa the Slicer (Merfolk Gladiator)           Turns: 8968, Time: 00:21:45

Health: 0/72       AC:  7    Str: 14    XL:     9   Next: 94%
Magic:  9/9        EV: 17    Int:  7    God:    Uskayaw [*.....]
Gold:   366        SH:  5    Dex: 20    Spells: 8/8 levels left

rFire   . . .      SeeInvis .    a - +0 rapier
rCold   . . .      Faith    .    (no shield)
rNeg    . . .      Spirit   .    b - +0 leather armour
rPois   .          Reflect  +    c - +2 helmet
rElec   .          Harm     .    y - scarf {shadows}
rCorr   .          Rampage  .    v - +0 pair of gloves
Will    .....      Clarity  +    (no boots)
Stlth   ++++......               r - amulet of reflection
HPRegen 0.32/turn                (no ring)
MPRegen 0.11/turn                (no ring)

@: about to teleport
A: (nimble swimmer 2), mertail, clarity
a: Renounce Religion, Stomp


You were on level 8 of the Dungeon.
You worshipped Uskayaw.
Uskayaw was noncommittal.
You visited 2 branches of the dungeon, and saw 9 of its levels.

You collected 366 gold pieces.

Inventory:

Hand Weapons
 a - a +0 rapier (weapon)
Missiles
 d - 2 throwing nets
 f - 58 stones
 h - 10 poisoned darts
 n - 5 boomerangs (quivered)
Armour
 b - a +0 leather armour (worn)
 c - a +2 helmet (worn)
 v - a +0 pair of gloves (worn)
 y - a scarf of shadows (worn)
Jewellery
 r - an amulet of reflection (around neck)
Wands
 o - a wand of iceblast (7)
 q - a wand of digging (5)
 s - a wand of flame (11)
Scrolls
 g - a scroll of blinking
 j - 2 scrolls of noise
 l - 3 scrolls of teleportation
 m - a scroll of fear
 p - a scroll of magic mapping
Potions
 e - a potion of magic
 k - a potion of degeneration
 u - a potion of attraction


   Skills:
 - Level 7.0 Fighting
 - Level 9.0 Short Blades
 - Level 4.0 Throwing
 - Level 9.0 Dodging
 + Level 6.9 Stealth
 + Level 3.8 Evocations


You had 8 spell levels left.
You didn't know any spells.
Your spell library contained the following spells:

 Spells                   Type           Power      Damage    Failure   Level
 Apportation              Tloc           0%         N/A       52%         1
 Necrotise                Necr           0%         1d4       52%         1
 Summon Small Mammal      Summ           0%         N/A       52%         1
 Gell's Gravitas          Tloc           0%         N/A       87%         3
 Ignite Poison            Fire/Tmut/Pois 0%         N/A       87%         3
 Ozocubu's Armour         Ice            0%         N/A       87%         3
 Teleport Other           Tloc           0%         N/A       87%         3
 Sticky Flame             Conj/Fire      0%         2d3       99%         4
 Metabolic Englaciation   Hex/Ice        0%         N/A       100%        5
 Dispersal                Tloc           0%         N/A       100%        6
 Simulacrum               Ice/Necr       0%         N/A       100%        6
 Ignition                 Fire           0%         3d3       100%        8


Dungeon Overview and Level Annotations

Branches:
Dungeon (8/15)             Temple (1/1) D:6
   Lair: D:8-11

Altars:
Ashenzari
Dithmenos
Elyvilon
Fedhas
Gozag
Hepliaklqana
Kikubaaqudgha
Makhleb
Nemelex Xobeh
Okawaru
Qazlal
Ru
Sif Muna
Trog
Uskayaw
Vehumet
Wu Jian
Xom
Yredelemnul
Zin


Innate Abilities, Weirdness & Mutations

((You are very nimble when in or above water. (Stealth+, EV+, Speed+++)))
Your lower body shifts to a powerful aquatic tail in water.
You possess an exceptional clarity of mind.


Message History

The orc priest shouts!
The yak bellows! x2
You block the yak's attack.
The yak snorts and paws the ground.
You block the yak's attack.
You hear a bellow!
The orc shouts!
The orc priest shouts!
The yak attacks as you move away! The yak barely misses you.
A yak comes into view.
You hear a bellow!
The yak gores you but does no damage. The yak gores you!
The orc priest casts a cantrip, but nothing happens.
The yak moves out of view.
The yak completely misses you.
You barely miss the yak. The yak gores you.
The yak gores you but does no damage.
As you read the scroll labelled LOANTIDUBO, it crumbles to dust.
You feel aware of your surroundings.
You sensed 1 altar.
It was a scroll of magic mapping.
The yak gores you. The yak gores you! You block the yak's attack.
The yak gores you!
As you read the scroll labelled XYVINOLATT, it crumbles to dust.
It is a scroll of amnesia.
You feel forgetful for a moment. The yak completely misses you.
The yak closely misses you. The yak gores you! x2
* * * LOW HITPOINT WARNING * * *
The orc priest miscasts a cantrip.
As you read the scroll of fear, it crumbles to dust.
You assume a fearsome visage.
The yak looks frightened! x5
The orc priest looks frightened!
The orc priest resists with some effort.
The orc looks frightened!
As you read the scroll of teleportation, it crumbles to dust.
You feel strangely unstable.
Cornered, the yak turns to fight!
A yak comes into view.
You block the orc priest's attack.
The orc priest hits you with a +0 trident!
* * * LOW HITPOINT WARNING * * *
The yak bellows!
You hit the orc priest but do no damage.
You hear a bellow! x3
The yak attacks as you move away! The yak gores you!
You die...

######.# #.###### ***
###Y.....#* ******,**
#.........#
*,,,,,,,**#Y#.####..#***
*,**,,...*#o#.#.YYY..,,*
*,*,,,....#.....#*,,**,*
*,,,,,..o....Y..#*,,**,*****
*,*,,,....#.o@.##*,,,,,,,,,*
*,**,,...##..........*,***,*
*,***,<.#*###.######.*,* *,*
*,* **.#* #Y# *,,,* *,* *,*
*** *#+#* *,,** *,* *,*
**,,,** *,,* *,* *,***
**,,,,,** *,,****,* *>,,**
**,,,,,,,***,,,,,,,**
**,,,****,,,,,,,,,***,,,,,,,**


You could see 6 yaks, 2 orc priests and an orc (fleeing).

Vanquished Creatures
  Pikel (D:7)
  Joseph (D:7)
  A troll (D:6)
  Grinder (D:4)
  2 wyverns
  A steam dragon (D:7)
  A water moccasin (D:5)
  An ice beast (D:6)
  2 ogres
  3 phantoms
  A kobold brigand (D:6)
  A necrophage (D:7)
  A scorpion (D:7)
  4 hounds
  A gnoll bouda (D:6)
  2 orc priests (D:5)
  Ijyb (D:4)
  Terence (D:3)
  5 iguanas
  Natasha (twice) (D:4 D:3)
  3 orc wizards (D:4)
  12 gnolls (D:6)
  8 adders
  A white imp (D:6)
  An ufetubus (D:6)
  A worm (D:2)
  2 dart slugs
  13 orcs
  2 ball pythons (D:1)
  5 bats
  6 endoplasms
  3 giant cockroaches
  10 goblins
  10 hobgoblins
  2 jackals (D:5)
  A quokka (D:2)
  7 frilled lizards
  9 kobolds
  10 rats
139 creatures vanquished.

Notes
Turn   | Place    | Note
-------+----------+-------------------------------------------
     0 | D:1      | NinjaNoafa the Merfolk Gladiator began the quest for the
                  | Orb.
     0 | D:1      | Reached XP level 1. HP: 16/16 MP: 1/1
   142 | D:1      | Reached XP level 2. HP: 22/22 MP: 2/2
   726 | D:1      | Reached XP level 3. HP: 27/27 MP: 3/3
   756 | D:1      | Reached skill level 5 in Short Blades
  1427 | D:2      | Found a faded altar of an unknown god.
  1482 | D:2      | Reached XP level 4. HP: 24/33 MP: 4/4
  2336 | D:3      | Noticed Terence
  2384 | D:3      | Killed Terence
  3093 | D:4      | Found a hazy altar of Hepliaklqana.
  3159 | D:4      | Reached XP level 5. HP: 38/38 MP: 5/5
  3198 | D:4      | Noticed Natasha
  3204 | D:4      | Gained mutation: You possess an exceptional clarity of
                  | mind. [potion of mutation]
  3213 | D:4      | Killed Natasha
  3277 | D:4      | Noticed Natasha
  3279 | D:4      | Found a stormy altar of Qazlal.
  3312 | D:3      | Killed Natasha
  3439 | D:4      | Reached skill level 5 in Dodging
  3439 | D:4      | Reached skill level 1 in Stealth
  3439 | D:4      | Reached XP level 6. HP: 27/47 MP: 6/6
  3726 | D:4      | Found a sparkling altar of Nemelex Xobeh.
  3741 | D:4      | Noticed Grinder
  3777 | D:4      | Killed Grinder
  3778 | D:4      | Reached skill level 5 in Stealth
  3778 | D:4      | Reached XP level 7. HP: 38/52 MP: 7/7
  3952 | D:4      | Found a hide-covered altar of Uskayaw.
  4075 | D:4      | Noticed Ijyb
  4077 | D:4      | Killed Ijyb
  4306 | D:5      | Entered Level 5 of the Dungeon
  4789 | D:5      | Reached XP level 8. HP: 35/61 MP: 8/8
  4835 | D:5      | Reached skill level 5 in Fighting
  4990 | D:5      | Found a bloodstained altar of Trog.
  5490 | D:6      | Found a broken altar of Ashenzari.
  5505 | D:6      | Found a white marble altar of Elyvilon.
  5712 | D:6      | Found a staircase to the Ecumenical Temple.
  5720 | Temple   | Entered the Ecumenical Temple
  5980 | D:6      | HP: 2/62 [gnoll bouda/+0 whip (10)]
  6624 | D:6      | Noticed a wyvern
  6645 | D:6      | Killed a wyvern
  7052 | D:4      | Became a worshipper of Uskayaw the Reveller
  7160 | D:7      | Reached * piety under Uskayaw
  7163 | D:7      | Reached ** piety under Uskayaw
  7166 | D:7      | Reached XP level 9. HP: 51/68 MP: 9/9
  7256 | D:7      | Noticed a troll
  7267 | D:6      | Reached *** piety under Uskayaw
  7268 | D:6      | Killed a troll
  7269 | D:6      | Reached skill level 1 in Evocations
  7644 | D:7      | Noticed Pikel
  7673 | D:7      | Killed Pikel
  7987 | D:7      | Found an ancient bone altar of Kikubaaqudgha.
  8371 | D:7      | Noticed Joseph
  8397 | D:7      | HP: 2/71 [Joseph/+0 quarterstaff (10)]
  8398 | D:7      | Killed Joseph
  8968 | D:8      | Slain by a yak

Illustrated notes

Levels and vault maps discovered:
D:1:      dpeg_arrival_subterranean_lakeside_camping, layout_loops_corners,
          nicolae_titane
D:2:      layout_basic, basic_ecumenical_altar
D:3:      layout_loops_cross, grunt_decor_mini_mirrors, uniq_terence
D:4:      layout_loops_cross, general_overflow_altar,
          grunt_temple_overflow_open, uniq_natasha, uniq_ijyb, uniq_grinder
D:5:      layout_cave_pools, lemuel_coloured_pillars_altar, nrook_loot_triangle
D:6:      layout_basic, ashenzari_conservatory_becter,
          mainiacjoe_overflow_catwalk, minmay_temple_entry_hall,
          serial_corexii_hall, chequers_hall_statues_corner_a,
          corexii_hall_statues_l, corexii_hall_statues_t,
          chequers_hall_statues_corner_a
D:7:      layout_basic, nicolae_kikubaaqudgha_miasma_corner,
          kennysheep_flooded_box, uniq_pikel, uniq_joseph
D:8:      layout_loops_corners, tso_altar, uniq_maurice
Temple:   hellmonk_temple_two_chambers

Skill      XL: |  1  2  3  4  5  6  7  8  9 |
---------------+----------------------------+-----
Short Blades   | 4 5 6 7 9 |  9.0
Fighting       | 3 4 5 7 |  7.0
Dodging        | 5 6 7 9 |  9.0
Stealth        | 1 5 6 |  6.9
Evocations     | 3 |  3.8
Throwing       | 4 |  4.0

Action                   |  1- 3 |  4- 6 |  7- 9 || total
-------------------------+-------+-------+-------++-------
Melee: Rapier            |   130 |   195 |   305 ||   630
       Punch             |     2 |     2 |     4 ||     8
       Short sword       |       |       |     7 ||     7
Throw: Javelin           |     7 |       |       ||     7
       Dart              |     7 |    10 |     7 ||    24
       Throwing net      |     1 |     3 |     2 ||     6
       Stone             |       |     7 |       ||     7
       Boomerang         |       |       |    25 ||    25
Invok: Stomp             |       |       |     1 ||     1
Evoke: Wand              |       |       |    13 ||    13
  Use: Potion            |       |     7 |     9 ||    16
       Scroll            |       |       |    13 ||    13
 Stab: Held in net/web   |     1 |     1 |       ||     2
       Sleeping          |     4 |     2 |     8 ||    14
       Distracted        |       |       |     1 ||     1
       Paralysed         |       |       |     2 ||     2
Armor: Leather armour    |    31 |    26 |    44 ||   101
       Skin              |       |    19 |       ||    19
Dodge: Dodged            |    84 |    97 |   199 ||   380
Block: Other             |       |    31 |    89 ||   120
       Reflection        |       |     1 |     3 ||     4

Table legend: (Time is in decaauts)
 A = Elapsed time spent in this place.
 B = Non-inter-level travel time spent in this place.
 C = Inter-level travel time spent in this place.
 D = Time resting spent in this place.
 E = Time spent auto-exploring this place.
 F = Levels seen in this place.
 G = Mean time per level.
                   A        B        C        D        E       F      G
               +--------+--------+--------+--------+--------+-----+--------+
         Total |   8834 |   8108 |    726 |      4 |   6568 |   9 |  981.6 |
       Dungeon |   8812 |   8086 |    726 |      4 |   6558 |   8 | 1101.5 |
        Temple |     21 |     21 |      0 |      0 |     10 |   1 |   21.0 |
               +--------+--------+--------+--------+--------+-----+--------+

Top non-repeatable levels by time:
     D:6: 1659 daAuts
     D:7: 1468 daAuts
     D:4: 1303 daAuts
     D:1: 1191 daAuts
     D:2: 1068 daAuts
     D:5: 955 daAuts
     D:3: 954 daAuts
     D:8: 211 daAuts
  Temple: 21 daAuts
